 Dungeon Crawl Stone Soup version 0.16.0-17-g811c1d7 (webtiles) character file.

369 wojtek the Slicer (level 7, -5/41 HPs)
             Began as a Kobold Assassin on Mar 20, 2015.
             Slain by Blork the orc
             ... wielding a +0 battleaxe
              (12 damage)
             ... on level 3 of the Dungeon.
             The game lasted 00:05:42 (3185 turns).

wojtek the Slicer (Kobold Assassin)                 Turns: 3185, Time: 00:05:43

Health: -5/41      AC:  3    Str: 10    XL:     7   Next: 1%
Magic:  7/7        EV: 16    Int: 14    God:
Gold:   186        SH:  0    Dex: 17    Spells: 0 memorised, 6 levels left

rFire  . . .     SeeInvis .     b - +0 blowgun
rCold  . . .     Clarity  .     c - +0 robe
rNeg   . . .     SustAb   .     (no shield)
rPois  .         Gourm    .     (no helmet)
rElec  .         Spirit   .     d - +0 cloak
rCorr  .         Warding  .     (no gloves)
rMut   .         Stasis   .     (no boots)
MR     .....                    (no amulet)
Stlth  +++.......               (no ring)
                                i - +3 ring of intelligence

@: not resistant to hostile enchantments, fairly stealthy
A: carnivore 3
a: no special abilities


You were on level 3 of the Dungeon.
You were very full.

You visited 1 branch of the dungeon, and saw 4 of its levels.

You collected 186 gold pieces.

Inventory:

Hand weapons
 a - a +3 dagger
 b - a +0 blowgun (weapon)
Missiles
 e - 4 poisoned needles (quivered)
 f - 2 curare-tipped needles {=f}
 j - 7 tomahawks of returning
 o - 2 throwing nets
Armour
 c - a +0 robe (worn)
 d - a +0 cloak (worn)
Jewellery
 i - a +3 ring of intelligence (left hand)
 u - an uncursed ring of magical power {unknown}
Scrolls
 h - a scroll of fog {unknown}
 l - a scroll of magic mapping {unknown}
 m - a scroll of teleportation {unknown}
 p - 4 scrolls of identify {unknown}
 r - 3 scrolls of recharging {unknown}
 t - 4 scrolls of remove curse {unknown}
 y - a scroll of blinking {unknown}
Potions
 k - a potion of heal wounds
 n - a potion of restore abilities {unknown}
 s - 2 potions of cancellation
 v - a potion of lignification {unknown}
 w - 2 potions of brilliance {unknown}
 x - a potion of agility {unknown}
 z - 2 potions of poison {unknown}
Comestibles
 g - a meat ration
 q - 3 beef jerkies


   Skills:
 + Level 3.1 Fighting
 - Level 8.1 Short Blades
 - Level 2.6 Throwing
 + Level 2.8 Dodging
 - Level 5.3 Stealth


You had 6 spell levels left.
You didn't know any spells.

Dungeon Overview and Level Annotations

Branches:
Dungeon (4/15)
 Temple: D:4-7

Altars:

Annotations:
D:3 Blork the orc
D:4 Ijyb


Innate Abilities, Weirdness & Mutations

You are small and have problems with some larger weapons.
You are carnivorous and can eat meat at any time.


Message History

You shoot a poisoned needle.
You hear some strange, mumbled words.
The magic dart hits you!
* * * LOW HITPOINT WARNING * * *
Drink which item? (? for menu, Esc to quit)
It was a potion of cancellation.
You feel magically purged. Something closely misses you.
Drink which item? (? for menu, Esc to quit)
It was a potion of heal wounds.
You feel much better. Something hits you!
Firing (i - inventory. (,) - cycle):
e - 7 poisoned needles (quivered)
Press: ? - help, Shift-Dir - straight line You shoot a poisoned needle.
Something hits you!
* * * LOW HITPOINT WARNING * * *
Firing (i - inventory. (,) - cycle):
e - 6 poisoned needles (quivered)
Press: ? - help, Shift-Dir - straight line You shoot a poisoned needle.
Something barely misses you.
Firing (i - inventory. (,) - cycle):
e - 5 poisoned needles (quivered)
Press: ? - help, Shift-Dir - straight line You shoot a poisoned needle.
Something hits you!
You die...

####### ######## #.....# #......#
#.....# #).....# #.....#
#).....#### #######.....# #######
#.......... .....##.....# #.....#
#.....#####
.....#......###.....###..........
.....+........'{....'.'..........
.....#.########.@...###..........
.....#.# #.....# ####.......
.....#.##### #.....# #.......
...........# #....(# ####.......
...###.###.####.....# #..........
...# #.###.##.......# #....###.##
...# #.....##.......# #....# #..#
...###.....##.......###....# ##.#
...........##........##.))[# #.#


There were no monsters in sight!

Vanquished Creatures
  An ogre (D:4)
  An orc wizard (D:3)
  Natasha (thrice) (D:3)
  9 adders
  A gnoll (D:1)
  A giant mite (D:2)
  3 worms (D:2)
  An adder zombie (D:3)
  2 giant geckos
  An ooze (D:1)
  9 orcs (D:3)
  13 bats
  A bat skeleton (D:4)
  5 giant cockroaches
  7 hobgoblins
  9 kobolds
  2 quokkas
  5 giant newts
  6 goblins
  11 rats
91 creatures vanquished.

Notes
Turn   | Place    | Note
--------------------------------------------------------------
     0 | D:1      | wojtek, the Kobold Assassin, began the quest for the Orb.
     0 | D:1      | Reached XP level 1. HP: 12/12 MP: 1/1
    66 | D:1      | Reached XP level 2. HP: 17/17 MP: 2/2
   265 | D:1      | Reached XP level 3. HP: 17/21 MP: 3/3
   511 | D:1      | Reached skill level 5 in Short Blades
   779 | D:2      | Reached XP level 4. HP: 24/26 MP: 4/4
   902 | D:2      | Reached skill level 6 in Short Blades
   929 | D:2      | Reached XP level 5. HP: 19/30 MP: 5/5
  1527 | D:3      | Noticed Natasha
  1534 | D:3      | Killed Natasha
  1534 | D:3      | Reached skill level 7 in Short Blades
  1867 | D:3      | Reached XP level 6. HP: 30/35 MP: 6/6
  2242 | D:3      | Reached skill level 8 in Short Blades
  2312 | D:3      | Noticed Natasha
  2319 | D:3      | Killed Natasha
  2583 | D:3      | Noticed Natasha
  2589 | D:3      | Killed Natasha
  2800 | D:4      | Reached XP level 7. HP: 4/41 MP: 7/7
  3147 | D:4      | Noticed Blork the orc
  3157 | D:4      | Noticed Ijyb
  3180 | D:3      | HP: 2/41 [something/magic dart (9)]
  3185 | D:3      | Slain by Blork the orc

Action                   |  1- 3 |  4- 6 |  7- 9 || total
-------------------------+-------+-------+-------++-------
Melee: Dagger            |    69 |   146 |    11 ||   226
 Fire: Blowgun           |       |     8 |     4 ||    12
Throw: Tomahawk          |       |     2 |       ||     2
  Use: Potion            |       |       |     2 ||     2
 Stab: Sleeping          |    13 |    10 |       ||    23
  Eat: Chunk             |     8 |     6 |     1 ||    15
